 Dungeon Crawl Stone Soup version 0.28.0-53-g5a82cb258f (webtiles) character file.

Game seed: 12206382998634508434

16 Jerry the Shield-Bearer (level 2, -2/16 HPs)
             Began as a Vine Stalker Fighter on July 29, 2022.
             Slain by an iguana (9 damage)
             ... on level 2 of the Dungeon.
             The game lasted 00:02:21 (782 turns).

Jerry the Shield-Bearer (Vine Stalker Fighter)       Turns: 782, Time: 00:02:22

Health: -2/16      AC:  7    Str: 18    XL:     2   Next: 54%
Magic:  0/3        EV:  9    Int:  8    God:
Gold:   77         SH:  4    Dex: 13    Spells: 1/1 levels left

rFire   . . .      SeeInvis .   a - +0 rapier
rCold   . . .      Faith    .   c - +0 buckler
rNeg    . . .      Spirit   +   b - +0 scale mail
rPois   .          Reflect  .   (no helmet)
rElec   .          Harm     .   (no cloak)
rCorr   .          Rampage  .   f - +0 pair of gloves
Will    .....                   (no boots)
Stlth   ..........              (no amulet)
HPRegen 0.05/turn               (no ring)
MPRegen 0.08/turn               (no ring)

@: no status effects
A: fangs 2, magic shield, antimagic bite, no potion heal 2
a: no special abilities


You were on level 2 of the Dungeon.
You visited 1 branch of the dungeon, and saw 2 of its levels.

You collected 77 gold pieces.

Inventory:

Hand Weapons
 a - a +0 rapier (weapon)
Armour
 b - a +0 scale mail (worn)
 c - a +0 buckler (worn)
 f - a +0 pair of gloves (worn)
Scrolls
 g - a scroll of fog {unknown}
 i - a scroll of identify {unknown}
Potions
 d - a potion of might
 e - a potion of attraction {unknown}
 h - a potion of heal wounds {unknown}


   Skills:
 + Level 2.9 Fighting
 + Level 2.0 Short Blades
 + Level 2.6 Armour
 + Level 2.9 Shields


You had one spell level left.
You didn't know any spells.
Your spell library contained the following spells:

 Spells                   Type           Power      Damage    Failure   Level
 Summon Guardian Golem    Hex/Summ       0%         N/A       99%         3
 Orb of Destruction       Conj           0%         9d5       100%        7
 Spellforged Servitor     Conj/Summ      0%         N/A       100%        7


Dungeon Overview and Level Annotations

Branches:
Dungeon (2/15)

Altars:


Innate Abilities, Weirdness & Mutations

You have extremely sharp teeth.
When hurt, damage is shared between your health and your magic reserves.
Your bite disrupts and absorbs the magic of your enemies.
Potions cannot restore your health.


Message History

(D) Dungeon
Where to? (? - help)
What level of the Dungeon? (default 1, ? - help)
There is a stone staircase leading down here.
You climb downwards.
The goblin shouts!
Found a stone staircase leading down.
There is a stone staircase leading up here.
There are monsters nearby!
You miss the goblin. You bite the goblin.
You kill the goblin!
You hit the iguana.
The iguana is moderately wounded.
The iguana closely misses you.
You hit the iguana but do no damage.
The iguana is moderately wounded.
The iguana misses you.
You hit the iguana but do no damage.
The iguana is moderately wounded.
You block the iguana's attack.
You hit the iguana but do no damage.
The iguana is moderately wounded.
The iguana barely misses you.
You hit the iguana.
The iguana is heavily wounded.
The iguana closely misses you. You block the iguana's attack.
You hit the iguana. You bite the iguana. You drain its power.
The iguana is heavily wounded.
The iguana hisses menacingly.
The iguana bites you!
Ouch! That really hurt!
You are too injured to fight recklessly!
You are too injured to fight recklessly!
You are too injured to fight recklessly!
You hit the iguana. You bite the iguana. You drain its power.
You feel invigorated.
The iguana is almost dead.
The iguana bites you!
Ouch! That really hurt!
You die...

# #.
#.###########
###>..........
............
#........#####
#.....l.......
#.....@...#
#....<.)..#
#.........#
#.............
#.............
#############.


You could see an iguana.

Vanquished Creatures
  A dart slug (D:1)
  2 ball pythons (D:1)
  A bat (D:1)
  An endoplasm (D:1)
  A giant cockroach (D:1)
  2 goblins
  2 hobgoblins (D:1)
  A frilled lizard (D:1)
  A rat (D:1)
12 creatures vanquished.

Notes
Turn   | Place    | Note
-------+----------+-------------------------------------------
     0 | D:1      | Jerry the Vine Stalker Fighter began the quest for the Orb.
     0 | D:1      | Reached XP level 1. HP: 11/11 MP: 2/2
   311 | D:1      | Found a faded altar of an unknown god.
   315 | D:1      | Reached XP level 2. HP: 13/16 MP: 3/3
   782 | D:2      | Slain by an iguana

Illustrated notes

Levels and vault maps discovered:
D:1:      psy_arrival_spokes, layout_rooms, ebering_ecumenical_altar_box,
          grunt_decor_cap
D:2:      layout_basic, chequers_hall_statues_wall_a, chequers_big_river,
          uniq_jessica

Skill      XL: |  1  2 |
---------------+-------+-----
Short Blades   | 2 |  2.0
Fighting       | |  2.9
Armour         | |  2.6
Shields        | |  2.9

Action                   || total
-------------------------++-------
Melee: Rapier            ||    38
       Bite              ||     7
Armor: Scale mail        ||    14
Dodge: Dodged            ||    13
Block: Buckler           ||    14
